 Dungeon Sprint DCSS version 0.19.5 (webtiles) character file.

2575 JeffiDaFish the Cleaver (level 9, 0/81 HPs)
             Began as a Demonspawn Fighter on Dec 10, 2017.
             Was a High Priest of Makhleb.
             Slain by a two-headed ogre
             ... wielding a +0 giant club
              (2 damage)
             ... in the Dungeon (Sprint V: "Ziggurat Sprint").
             The game lasted 00:04:53 (783 turns).

JeffiDaFish the Cleaver (Demonspawn Fighter)         Turns: 783, Time: 00:04:54

Health: 0/81       AC: 26    Str: 21    XL:     9   Next: 32%
Magic:  0/12       EV: 12    Int:  9    God:    Makhleb [*****.]
Gold:   0          SH:  0    Dex: 37    Spells: 0 memorised, 8 levels left

rFire  . . .     SeeInvis +     y - +14 obsidian axe {chop, +Fly SInv *Curse} (curse)
rCold  . . .     Gourm    .     l - +5 crystal plate armour
rNeg   . . .     Faith    .     (no shield)
rPois  .         Spirit   +     (no helmet)
rElec  .         Reflect  .     (no cloak)
rCorr  .         Harm     .     (no gloves)
MR     .....     NoTele   +     (no boots)
Stlth  ..........               A - amulet "Emellat" {Regen+ Str+4 Dex+4}
                                x - +6 ring of dexterity
                                w - +6 ring of dexterity

@: agile, mesmerised
A: claws 1, powered by pain 2, magic shield, sturdy frame 1
a: Minor Destruction, Lesser Servant of Makhleb, Major Destruction, Greater
Servant of Makhleb, Renounce Religion, Evoke Flight


You were in the Dungeon.
You worshipped Makhleb.
Makhleb was extremely pleased with you.
You were not hungry.

You visited 1 branch

Inventory:

Hand Weapons
 y - the cursed +14 obsidian axe (weapon) {chop, +Fly SInv *Curse}
   (You found it in the Dungeon)

   It inflicts extra damage upon your enemies.
   It lets you see invisible.
   It lets you fly.
   It may re-curse itself when equipped.
   It has a curse placed upon it.
Armour
 l - a +5 crystal plate armour (worn)
Rods
 B - a +2 rod of clouds (11/11)
   (You found it in the Dungeon)
Jewellery
 w - a +6 ring of dexterity (left claw)
 x - a +6 ring of dexterity (right claw)
 A - the amulet "Emellat" (around neck) {Regen+ Str+4 Dex+4}
   (You found it in the Dungeon)

   [amulet of regeneration]

   It affects your strength (+4).
   It affects your dexterity (+4).
   It increases your rate of regeneration.
Scrolls
 c - 4 scrolls of amnesia
 k - 4 scrolls of blinking
 m - 4 scrolls of recharging
 n - 7 scrolls of fog
 o - 5 scrolls of identify
 p - 5 scrolls of remove curse
 q - 2 scrolls of fear
Potions
 d - 6 potions of might
 e - 9 potions of curing
 g - 8 potions of heal wounds
 h - 6 potions of haste
 i - 7 potions of magic
 j - 3 potions of berserk rage
 r - 2 potions of brilliance
 s - 2 potions of invisibility
 t - 4 potions of resistance
 u - a potion of experience
 v - 5 potions of agility
Comestibles
 a - 42 fruits
 b - 4 meat rations
 f - 5 bread rations
 z - 17 chunks of flesh


   Skills:
 * Level 11.3 Fighting
 * Level 12.0 Axes
 * Level 11.4 Armour
 + Level 3.0 Dodging
 - Level 1.7 Stealth
   Level 2.6 Shields
 + Level 4.2 Invocations


You had 8 spell levels left.
You didn't know any spells.

Dungeon Overview and Level Annotations

Branches:
Dungeon (1/1)

Altars:
Ashenzari
Cheibriados
Dithmenos
Elyvilon
Fedhas
Gozag
Hepliaklqana
Kikubaaqudgha
Makhleb
Nemelex Xobeh
Okawaru
Qazlal
Ru
Sif Muna
Trog
Uskayaw
Vehumet
Xom
Yredelemnul
Zin
The Shining One
Beogh
Jiyva
Lugonu


Innate Abilities, Weirdness & Mutations

You have sharp fingernails.
You sometimes gain power by taking damage.
When hurt, damage is shared between your health and your magic reserves.
Your movements are slightly less encumbered by armour. (ER -2)


Message History

Unknown command.
You feel much better. The sun demon hits you.
* * * LOW HITPOINT WARNING * * *
You are engulfed in flames!!
* * * LOW HITPOINT WARNING * * *
The troll bites you but does no damage.
The troll claws you but does no damage. x2
The two-headed ogre hits you but does no damage. x2
Your smoke demon hits the sun demon but does no damage. x2
Your smoke demon misses the sun demon.
You feel much better.
Visions of slaying the two-headed ogre flood into your mind.
The sun demon hits you!
* * * LOW HITPOINT WARNING * * *
You are engulfed in flames!
* * * LOW HITPOINT WARNING * * *
You focus on the pain.
You feel agile all of a sudden. The two-headed ogre barely misses you.
The two-headed ogre hits you with a giant club.
You die...

▓........▓........▓
▓▓▓▓▓▓▓▓▓▓▓▓▓▓▓▓▓▓▓
▓..8©8..▓ ▓..=}=..▓
▓..):=..▓ ▓.......▓
▓...C...▓ ▓..TOO..▓
▓..3@...▓ ▓.▓3..▓.▓
▓.......▓ ▓▓▓▓▓▓▓▓▓


You could see a sun demon, a cyclops, a troll, 2 two-headed ogres and a friendly
smoke demon.

Vanquished Creatures
  3 draconians (D)
  A rime drake (D)
  A troll (D)
  A steam dragon (D)
  A water moccasin (D)
  2 porcupines (D)
  An ogre (D)
  A scorpion (D)
  2 river rats (D)
  2 adders (D)
  A jackal (D)
16 creatures vanquished.

Vanquished Creatures (collateral kills)
  A draconian (D)
  A rime drake (D)
  A steam dragon (D)
  A scorpion (D)
4 creatures vanquished.

Grand Total: 20 creatures vanquished

Notes
Turn   | Place    | Note
-------+----------+-------------------------------------------
     0 | D        | JeffiDaFish the Demonspawn Fighter began the quest for the Orb.
     0 | D        | Reached XP level 1. HP: 18/18 MP: 1/1
    21 | D        | Found a blossoming altar of Fedhas.
    22 | D        | Found a viscous altar of Jiyva.
    22 | D        | Found a hazy altar of Hepliaklqana.
    22 | D        | Found an opulent altar of Gozag.
    22 | D        | Found an ancient bone altar of Kikubaaqudgha.
    22 | D        | Found a corrupted altar of Lugonu.
    25 | D        | Found a burning altar of Makhleb.
    26 | D        | Found a sacrificial altar of Ru.
    26 | D        | Found a stormy altar of Qazlal.
    26 | D        | Found a deep blue altar of Sif Muna.
    26 | D        | Found an iron altar of Okawaru.
    26 | D        | Found a bloodstained altar of Trog.
    26 | D        | Found a sparkling altar of Nemelex Xobeh.
    57 | D        | Became a worshipper of Makhleb the Destroyer
    66 | D        | Entered arena 1.
    66 | D        | Noticed a scorpion
    66 | D        | Noticed a scorpion
    73 | D        | Killed a scorpion
    73 | D        | Reached skill level 5 in Fighting
    73 | D        | Reached skill level 3 in Axes
    73 | D        | Gained mutation: You sometimes gain a little power by taking damage. [demonic ancestry]
    73 | D        | Reached XP level 2. HP: 12/27 MP: 2/2
    73 | D        | Reached XP level 3. HP: 15/33 MP: 3/3
    75 | D        | Killed a scorpion
    75 | D        | Reached skill level 4 in Axes
    75 | D        | Reached skill level 5 in Armour
    75 | D        | Reached XP level 4. HP: 16/40 MP: 4/4
   566 | D        | Entered arena 2.
   566 | D        | Noticed a water moccasin
   570 | D        | Reached * piety under Makhleb
   574 | D        | Killed a water moccasin
   574 | D        | Reached skill level 5 in Axes
   574 | D        | Reached XP level 5. HP: 47/48 MP: 5/5
   580 | D        | Entered arena 3.
   580 | D        | Noticed a draconian
   580 | D        | Noticed a draconian
   580 | D        | Noticed a draconian
   580 | D        | Noticed a draconian
   586 | D        | Killed a draconian
   586 | D        | Reached ** piety under Makhleb
   586 | D        | Reached skill level 8 in Axes
   586 | D        | Reached skill level 1 in Stealth
   586 | D        | Gained mutation: You sometimes gain power by taking damage. [demonic ancestry]
   586 | D        | Reached XP level 6. HP: 40/57 MP: 6/6
   586 | D        | Gained mutation: When hurt, damage is shared between your health and your magic reserves. [demonic ancestry]
   586 | D        | Reached XP level 7. HP: 44/63 MP: 7/7
   587 | D        | Killed a draconian
   587 | D        | Reached skill level 9 in Axes
   591 | D        | Killed a draconian
   591 | D        | Reached skill level 10 in Axes
   591 | D        | Reached skill level 10 in Armour
   591 | D        | Gained mutation: You have sharp fingernails. [demonic ancestry]
   591 | D        | Reached XP level 8. HP: 43/72 MP: 5/8
   592 | D        | Killed a draconian
   592 | D        | Reached skill level 10 in Fighting
   592 | D        | Reached skill level 11 in Axes
   731 | D        | Entered arena 4.
   731 | D        | Noticed a rime drake
   731 | D        | Noticed a rime drake
   735 | D        | Killed a rime drake
   735 | D        | Reached *** piety under Makhleb
   735 | D        | Reached skill level 1 in Dodging
   735 | D        | Reached skill level 1 in Invocations
   738 | D        | Killed a rime drake
   739 | D        | Gained mutation: Your movements are slightly less encumbered by armour. (ER -2) [demonic ancestry]
   739 | D        | Reached XP level 9. HP: 59/79 MP: 9/11
   751 | D        | Got the amulet "Emellat" {Regen+ Str+4 Dex+4}
   755 | D        | Entered arena 5.
   756 | D        | Reached **** piety under Makhleb
   775 | D        | Entered arena 6.
   775 | D        | Noticed a cyclops
   775 | D        | Noticed a troll
   775 | D        | Noticed a troll
   778 | D        | Noticed a sun demon
   780 | D        | Killed a troll
   780 | D        | Reached ***** piety under Makhleb
   780 | D        | Reached skill level 12 in Axes
   782 | D        | HP: 3/81 [sun demon[the player character] (18)]
   783 | D        | Slain by a two-headed ogre

Skill      XL: |  1  2  3  4  5  6  7  8  9 |
---------------+----------------------------+-----
Fighting       | 5 6 7 8 9 10 11 | 11.3
Axes           | 3 4 5 8 10 11 12 | 12.0
Armour         | 4 5 7 9 10 11 | 11.4
Stealth        | 1 |  1.7
Dodging        | 2 3 |  3.0
Invocations    | 3 4 |  4.2
Shields        | |  2.6

Action                   |  1- 3 |  4- 6 |  7- 9 || total
-------------------------+-------+-------+-------++-------
Melee: Broad axe         |     7 |    10 |    20 ||    37
  Use: Potion            |     1 |       |     2 ||     3
 Stab: Distracted        |       |       |     1 ||     1
Armor: Crystal plate arm |    12 |    15 |    44 ||    71
Dodge: Dodged            |       |     2 |     8 ||    10
